 Dungeon Crawl Stone Soup version 0.20.0-15-g7f486f2 (webtiles) character file.

33299 mcbry the Warrior (level 14, -5/88 HPs)
             Began as a Kobold Berserker on June 13, 2017.
             Was a High Priest of Trog.
             Slain by a wolf spider (11 damage)
             ... on level 2 of the Lair of Beasts.
             The game lasted 02:20:20 (20836 turns).

mcbry the Warrior (Kobold Berserker)               Turns: 20836, Time: 02:20:22

Health: -5/88      AC: 15    Str: 20    XL:     14   Next: 7%
Magic:  17/17      EV: 15    Int: 10    God:    Trog [*****.]
Gold:   654        SH:  0    Dex: 23    Spells: 13/13 levels left

rFire    . . .     SeeInvis +   n - +0 rapier
rCold    + . .     Gourm    .   (shield restricted)
rNeg     + . .     Faith    .   W - +2 scale mail of Broken Taboos {*Slow rElec rPois Stlth+}
rPois    +         Spirit   .   U - +1 helmet {SInv}
rElec    +         Reflect  .   k - +0 cloak
rCorr    .         Harm     .   (no gloves)
MR       ++...                  J - +0 pair of boots
Stlth    +++++++...             l - amulet "Qeraasmu" {rN+ MR+ Regen+ Str-2}
Regen    0.7/turn               v - ring of Unan {Str+4 Dex+5 Stlth+}
MPRegen  0.2/turn               I - ring of protection from cold

@: berserk cooldown, slowed, very slow
A: carnivore 3, clever 1, frail 1, low mp 1, strong 1
a: Berserk, Trog's Hand, Brothers in Arms, Burn Spellbooks, Renounce Religion


You were on level 2 of the Lair of Beasts.
You worshipped Trog.
Trog was extremely pleased with you.
You were full.

You visited 2 branches of the dungeon, and saw 15 of its levels.
You also visited: Labyrinth, Ossuary and Bailey.

You collected 984 gold pieces.
You spent 330 gold pieces at shops.

Inventory:

Hand Weapons
 g - a +5 quick blade
 n - a +0 rapier (weapon)
 s - the +5 dagger "Mazygin" {pierce, Int+3}
   (You found it on level 2 of the Dungeon)

   It inflicts extra damage upon your enemies.
   It affects your intelligence (+3).
Missiles
 i - 39 tomahawks of returning (quivered)
Armour
 k - a +0 cloak (worn)
 G - a +4 ring mail
 J - a +0 pair of boots (worn)
 U - a +1 helmet of see invisible (worn)
 W - the +2 scale mail of Broken Taboos (worn) {*Slow rElec rPois Stlth+}
   (You bought it in a shop on level 8 of the Dungeon)

   It insulates you from electricity.
   It protects you from poison.
   It may slow you when you take damage.
   It makes you more stealthy.
Jewellery
 f - an uncursed ring of magical power
 l - the amulet "Qeraasmu" (around neck) {rN+ MR+ Regen+ Str-2}
   (You acquired it on level 6 of the Dungeon)

   [amulet of regeneration]

   It affects your strength (-2).
   It protects you from negative energy.
   It affects your resistance to hostile enchantments.
   It increases your rate of regeneration.
 v - the ring of Unan (left hand) {Str+4 Dex+5 Stlth+}
   (You found it in a labyrinth)

   [ring of stealth]

   It affects your strength (+4).
   It affects your dexterity (+5).
   It makes you more stealthy.
 I - a ring of protection from cold (right hand)
Wands
 t - a wand of polymorph (9/24)
 A - a wand of digging (17/24)
 C - a wand of paralysis (16/24)
 M - a wand of acid (4/15)
 Q - a wand of iceblast (9/15)
 T - a wand of confusion (31/48)
 Z - a wand of lightning (4/15)
Scrolls
 a - a scroll of blinking
 d - 6 scrolls of enchant weapon
 e - 13 scrolls of teleportation
 m - a scroll of remove curse
 x - 3 scrolls of fog
 E - a scroll of magic mapping
Potions
 j - 2 potions of cancellation
 o - a potion of might
 u - a potion of haste
 w - 4 potions of heal wounds
 B - a potion of flight
 F - 3 potions of curing
 L - a potion of ambrosia
 P - 2 potions of invisibility
 R - 2 potions of agility
Comestibles
 c - 5 meat rations
 h - 7 royal jellies


   Skills:
 * Level 15.2 Fighting
 - Level 12.8 Short Blades
 + Level 3.2 Throwing
 - Level 8.1 Armour
 + Level 3.7 Dodging
 + Level 13.3 Stealth
 * Level 7.7 Evocations


You had 13 spell levels left.
You didn't know any spells.

Dungeon Overview and Level Annotations

Branches:
Dungeon (13/15)            Temple (0/1) D:5            Lair (2/6) D:10
    Orc (0/2) D:10
  Swamp: Lair:2-4    Shoals: Lair:2-4     Snake: Lair:2-4    Spider: Lair:2-4
 Vaults: D:13-14

Altars:
Ashenzari
Dithmenos
Elyvilon
Fedhas
Kikubaaqudgha
Makhleb
Okawaru
Vehumet
Xom
Yredelemnul

Shops:
D:8 [

Annotations:
D:2 1 transporter
D:13 Frances


Innate Abilities, Weirdness & Mutations

You are small and have problems with some larger weapons.
You are carnivorous and can eat meat at any time.
Your mind is acute. (Int +2)
You are frail. (-10% HP)
Your magical capacity is low. (-10% MP)
Your muscles are strong. (Str +2)


Message History

You hit the wolf spider but do no damage.
The wolf spider is severely wounded.
The wolf spider hits you!
* * * LOW HITPOINT WARNING * * *
The wolf spider closely misses you.
Your ogre barely misses the wolf spider.
You feel sick.
The wolf spider hits you but does no damage.
The wolf spider closely misses you.
Your ogre closely misses the wolf spider.
You feel better.
The wolf spider hits you but does no damage.
The wolf spider completely misses you. The wolf spider hits you!
* * * LOW HITPOINT WARNING * * *
The wolf spider barely misses you.
Your ogre completely misses the wolf spider.
The wolf spider hits you.
* * * LOW HITPOINT WARNING * * *
The wolf spider bites you!
You die...

.............P.
.............P.PPP
..............PPP
#........P.....P
#..............S
#..........PP..S
#........P.PP..y
#...@sO...P..#
#.......†P##.
#.........#######
#....†††........#
##....†<†........##
#......††.........#
#................#.
..................#
..................#


You could see a wolf spider and a friendly ogre (berserk).

Vanquished Creatures
  A minotaur (Lab)
  A hydra (D:11)
  A catoblepas (D:13)
  2 two-headed ogres
  2 unseen horrors (D:10)
  Pikel (D:8)
  A deep troll (D:10)
  An orc knight (Bailey)
  A wolf spider (Lair:2)
  An ugly thing (D:13)
  A manticore (D:12)
  3 cyclopes
  Maurice (D:8)
  3 black mambas
  2 centaur zombies
  4 spiny frogs
  A gargoyle (D:13)
  Joseph (D:8)
  2 kobold demonologists
  A komodo dragon (Lair:1)
  A minotaur zombie (Lab)
  A hornet (Lair:2)
  4 trolls
  12 slime creatures (D:12)
  6 hippogriffs
  24 yaks
  3 vampires
  A human (D:7)
  2 wraiths (Ossuary)
  4 hogs (D:7)
  2 hungry ghosts
  2 basilisks
  Menkaure (D:2)
  A vampire mosquito (D:10)
  Edmund (D:6)
  2 acid dragons
  2 water moccasins
  8 porcupines
  6 ice beasts
  3 sky beasts
  6 orc warriors
  3 phantoms
  A necrophage (D:10)
  A black bear (D:11)
  9 ogres
  17 centaurs
  9 crocodiles
  Blork the orc (D:4)
  5 big kobolds
  8 bullfrogs
  8 gnoll sergeants (D:10)
  A wyvern zombie (D:12)
  3 killer bees (D:11)
  6 scorpions
  5 wights
  4 howler monkeys
  8 crimson imps
  3 orc priests
  3 centaur skeletons
  3 jellies
  5 bullfrog skeletons
  4 hounds
  5 orc wizards
  6 iguanas
  7 worker ants
  A hound zombie (D:10)
  2 hound skeletons (D:10)
  A howler monkey skeleton (D:5)
  16 adders
  11 gnolls
  4 shadow imps
  2 oozes
  2 adder zombies (Ossuary)
  2 adder skeletons
  7 worms
  2 dart slugs
  5 leopard geckos
  39 orcs
  2 ball pythons
  6 bats
  2 giant cockroaches
  20 goblins
  18 hobgoblins
  21 jackals
  29 kobolds
  4 quokkas
  2 ball python skeletons
  6 frilled lizards
  A giant cockroach zombie (D:5)
  A hobgoblin zombie (Ossuary)
  A jackal skeleton (D:2)
  2 kobold zombies (Ossuary)
  3 orc skeletons (Ossuary)
  An orc zombie (Ossuary)
  11 rats
472 creatures vanquished.

Vanquished Creatures (collateral kills)
  2 manticores
  Psyche (D:11)
  A komodo dragon (Lair:2)
  A hornet (Lair:2)
  A crocodile (D:9)
  A scorpion (D:9)
  A wyvern skeleton (D:11)
  3 adders
11 creatures vanquished.

Vanquished Creatures (others)
  3 slaves (D:8)
  A wight (D:8)
  9 fungi
  24 plants
37 creatures vanquished.

Grand Total: 520 creatures vanquished

Notes
Turn   | Place    | Note
-------+----------+-------------------------------------------
     0 | D:1      | mcbry the Kobold Berserker began the quest for the Orb.
     0 | D:1      | Reached XP level 1. HP: 14/14 MP: 1/1
   292 | D:1      | Reached XP level 2. HP: 6/19 MP: 2/2
  1231 | D:1      | Reached XP level 3. HP: 18/24 MP: 3/3
  1250 | D:1      | Reached skill level 4 in Fighting
  1421 | D:1      | Reached ** piety under Trog
  1828 | D:1      | Reached skill level 5 in Short Blades
  1976 | D:1      | Reached XP level 4. HP: 22/30 MP: 4/4
  2612 | D:1      | HP: 1/30 [gnoll (8)]
  2699 | D:1      | Reached skill level 5 in Fighting
  2699 | D:1      | Reached XP level 5. HP: 16/35 MP: 5/5
  3180 | D:2      | Found an ancient bone altar of Kikubaaqudgha.
  3452 | D:2      | Found a transporter.
  3460 | D:2      | Noticed Menkaure
  3460 | D:2      | Found a basalt altar of Yredelemnul.
  3469 | D:2      | Killed Menkaure
  3469 | D:2      | Reached XP level 6. HP: 21/41 MP: 6/6
  3676 | D:2      | Found a transporter.
  3685 | D:2      | Got a translucent dagger
  3686 | D:2      | Identified the +5 dagger "Mazygin" {pierce, Int+3} (You found it on level 2 of the Dungeon)
  3694 | D:2      | Got a jewelled chain mail
  3730 | D:2      | Identified the cursed +0 chain mail of Omnim {+Fly Int+2 Dex+5} (You found it on level 2 of the Dungeon)
  3919 | D:3      | Noticed an ogre
  3927 | D:2      | Killed an ogre
  3927 | D:2      | Reached skill level 6 in Fighting
  4087 | D:3      | Reached *** piety under Trog
  4112 | D:3      | Reached XP level 7. HP: 46/46 MP: 7/7
  4557 | D:4      | Noticed Blork the orc
  4570 | D:4      | Killed Blork the orc
  4656 | D:4      | Found a white marble altar of Elyvilon.
  4806 | D:4      | Reached **** piety under Trog
  4876 | D:4      | Found a shattered altar of Ashenzari.
  5383 | D:4      | Reached XP level 8. HP: 51/52 MP: 8/8
  5860 | D:5      | Entered Level 5 of the Dungeon
  6053 | D:5      | Noticed a hippogriff
  6067 | D:5      | Killed a hippogriff
  6067 | D:5      | Reached skill level 7 in Fighting
  6677 | D:5      | Reached skill level 5 in Stealth
  6803 | D:5      | Found a staircase to the Ecumenical Temple.
  7332 | D:6      | Found a blossoming altar of Fedhas.
  7332 | D:6      | Noticed Edmund
  7333 | D:6      | Gained mutation: You are frail. (-10% HP) [potion of mutation]
  7333 | D:6      | Gained mutation: Your muscles are strong. (Str +2) [potion of mutation]
  7333 | D:6      | Gained mutation: Your magical capacity is low. (-10% MP) [potion of mutation]
  7333 | D:6      | Gained mutation: Your mind is acute. (Int +2) [potion of mutation]
  7340 | D:6      | Noticed a two-headed ogre
  7357 | D:6      | Killed Edmund
  7357 | D:6      | Reached skill level 8 in Fighting
  7361 | D:6      | Killed a two-headed ogre
  7361 | D:6      | Reached skill level 9 in Fighting
  7361 | D:6      | Reached XP level 9. HP: 37/54 MP: 8/8
  7580 | D:6      | Identified a scroll of acquirement
  7581 | D:6      | Got a pitted platinum amulet
  7588 | D:6      | Identified the amulet "Qeraasmu" {rN+ MR+ Regen+ Str-2} (You acquired it on level 6 of the Dungeon)
  7934 | D:6      | Found a shimmering altar of Xom.
  8391 | D:7      | Reached XP level 10. HP: 42/61 MP: 9/9
  8400 | D:7      | Reached skill level 10 in Fighting
  8609 | D:7      | Noticed a cyclops
  8629 | D:7      | Killed a cyclops
  8629 | D:7      | Reached skill level 5 in Armour
  8650 | D:7      | Found a sand-covered staircase.
  8659 | Ossuary  | Entered an ossuary
  8838 | Ossuary  | Reached skill level 10 in Short Blades
  9111 | D:7      | Found an iron altar of Okawaru.
  9293 | D:8      | Noticed Joseph
  9322 | D:8      | Killed Joseph
  9322 | D:8      | Reached skill level 11 in Fighting
  9557 | D:8      | Noticed Pikel
  9562 | D:8      | Killed Pikel
  9627 | D:8      | Found Iri Peph's Antique Armour Emporium.
  9667 | D:8      | Noticed Maurice
  9681 | D:8      | Killed Maurice
  9681 | D:8      | Reached XP level 11. HP: 66/66 MP: 9/9
  9949 | D:8      | Found a shadowy altar of Dithmenos.
 10123 | D:8      | Bought a runed helmet for 150 gold pieces
 10179 | D:8      | Found a burning altar of Makhleb.
 11039 | D:8      | Bought a steaming scale mail for 180 gold pieces
 11049 | D:8      | Identified the +2 scale mail of Broken Taboos {*Slow rElec rPois Stlth+} (You bought it in a shop on level 8 of the Dungeon)
 11174 | D:9      | Found a burning altar of Makhleb.
 11469 | D:9      | Reached skill level 10 in Stealth
 11505 | D:9      | Reached skill level 12 in Fighting
 11762 | D:10     | Entered Level 10 of the Dungeon
 12154 | D:10     | Noticed an unseen horror
 12162 | D:10     | Killed an unseen horror
 12357 | D:10     | Found a staircase to the Lair.
 12383 | D:10     | Reached ***** piety under Trog
 12556 | D:10     | Reached XP level 12. HP: 73/73 MP: 10/10
 12559 | D:10     | Noticed an unseen horror
 12762 | D:10     | Found a staircase to the Orcish Mines.
 12889 | D:10     | Reached skill level 13 in Fighting
 13241 | D:10     | Noticed a deep troll
 13261 | D:10     | Killed a deep troll
 13339 | D:10     | Killed an unseen horror
 13792 | D:10     | Received a gift from Trog
 13896 | Lair:1   | Entered Level 1 of the Lair of Beasts
 14490 | Lair:1   | Reached skill level 1 in Evocations
 15178 | D:11     | Found a labyrinth entrance.
 15189 | Lab      | Entered a labyrinth
 15900 | Lab      | Noticed a minotaur
 15905 | Lab      | Killed a minotaur
 15905 | Lab      | Reached skill level 14 in Fighting
 16026 | Lab      | Got a slimy pewter ring
 16520 | D:11     | Noticed Psyche
 16530 | D:11     | Killed Psyche
 16530 | D:11     | Reached XP level 13. HP: 69/81 MP: 13/13
 16942 | D:11     | Noticed a seven-headed hydra
 16955 | D:11     | Killed a seven-headed hydra
 17654 | D:12     | Reached skill level 5 in Evocations
 17691 | D:12     | Found a flagged portal.
 17700 | Bailey   | Entered a bailey
 17704 | Bailey   | Identified the ring of Unan {Str+4 Dex+5 Stlth+} (You found it in a labyrinth)
 17875 | Bailey   | Reached skill level 1 in Throwing
 19650 | D:13     | Found a radiant altar of Vehumet.
 19894 | D:13     | Reached skill level 15 in Fighting
 20064 | D:13     | Noticed a catoblepas
 20084 | D:13     | Killed a catoblepas
 20260 | D:13     | Received a gift from Trog
 20555 | D:13     | Noticed Frances
 20788 | Lair:2   | Reached XP level 14. HP: 75/88 MP: 17/17
 20836 | Lair:2   | Slain by a wolf spider

Skill      XL: |  1  2  3  4  5  6  7  8  9 10 11 12 13 |
---------------+----------------------------------------+-----
Fighting       | 4 5 6 9 11 12 14 15 | 15.2
Short Blades   | 5 6 7 8 9 10 11 12 | 12.8
Stealth        | 2 4 6 7 9 11 12 13 | 13.3
Armour         | 2 3 4 5 6 7 8 |  8.1
Evocations     | 3 7 |  7.7
Throwing       | 3 |  3.2
Dodging        | 3 |  3.7

Action                   |  1- 3 |  4- 6 |  7- 9 | 10-12 | 13-15 || total
-------------------------+-------+-------+-------+-------+-------++-------
Melee: Short sword       |   148 |    94 |       |       |       ||   242
       Dagger            |       |    55 |   349 |   779 |       ||  1183
       Rapier            |       |       |       |    55 |   575 ||   630
Throw: Tomahawk          |       |       |       |       |    36 ||    36
       Throwing net      |       |       |       |       |     1 ||     1
Invok: Berserk           |     4 |     6 |     8 |    24 |    17 ||    59
       Trog's Hand       |       |       |     2 |    10 |     2 ||    14
       Burn Spellbooks   |       |       |     1 |     3 |       ||     4
       Brothers in Arms  |       |       |       |     3 |     3 ||     6
 Abil: Evoke Flight      |       |       |       |     1 |       ||     1
Evoke: Wand              |       |       |       |     1 |     3 ||     4
  Use: Potion            |       |     1 |     2 |     1 |     5 ||     9
       Scroll            |       |     2 |     3 |    29 |     6 ||    40
 Stab: Sleeping          |       |     1 |     3 |    33 |    16 ||    53
       Distracted        |       |       |       |     5 |     1 ||     6
  Eat: Chunk             |     7 |    20 |    22 |    30 |    24 ||   103
       Royal jelly       |       |       |       |     4 |     1 ||     5
       Meat ration       |       |       |       |     1 |     2 ||     3
Armor: Animal skin       |    17 |    10 |       |       |       ||    27
       Chain mail        |       |    20 |    29 |       |       ||    49
       Ring mail         |       |       |    50 |   123 |       ||   173
       Scale mail        |       |       |       |    94 |   205 ||   299
Dodge: Dodged            |    76 |    88 |   135 |   377 |   419 ||  1095
